 Dungeon Crawl Stone Soup version 0.30-a0-967-g9b59a09336 (webtiles) character file.

Game seed: 10095743593549614630

163 Querens the Shield-Bearer (level 5, 0/43 HPs)
             Began as a Formicid Fighter on Mar 31, 2023.
             Killed from afar by an orc wizard (1 damage)
             ... with a puff of flame
             ... on level 3 of the Dungeon.
             The game lasted 00:04:47 (1429 turns).

Querens the Shield-Bearer (Formicid Fighter)        Turns: 1429, Time: 00:04:48

Health: 0/43       AC:  8    Str: 22    XL:     5   Next: 72%
Magic:  0/5        EV:  9    Int:  8    God:
Gold:   111        SH:  5    Dex: 13    Spells: 4/4 levels left

rFire   . . .      SeeInvis +    a - +0 war axe
rCold   . . .      Faith    .    c - +0 buckler
rNeg    . . .      Spirit   +    b - +0 scale mail
rPois   .          Reflect  .    (helmet unavailable)
rElec   .          Rampage  .    (no cloak)
rCorr   .                        (no gloves)
Will    .....                    f - +0 pair of boots Stlth
                                 i - amulet of guardian spirit
HPRegen 0.27/turn                (no ring)
MPRegen 0.09/turn                (no ring)

@: no status effects
A: permanent stasis, dig shafts and tunnels, antennae 3, four strong arms
a: Dig, Shaft Self


You were on level 3 of the Dungeon.
You visited 1 branch of the dungeon, and saw 3 of its levels.

You collected 111 gold pieces.

Inventory:

Hand Weapons
 a - a +0 war axe (weapon)
Armour
 b - a +0 scale mail (worn)
 c - a +0 buckler (worn)
 f - a +0 pair of boots (worn)
Jewellery
 i - an amulet of guardian spirit (around neck)
Scrolls
 e - a scroll of torment {unknown}
 g - 2 scrolls of identify {unknown}
 h - 2 scrolls of enchant armour {unknown}
 j - a scroll of teleportation {unknown}
 l - 2 scrolls of fog {unknown}
 p - a scroll of vulnerability {unknown}
 q - a scroll of magic mapping {unknown}
 r - a scroll of blinking {unknown}
 s - a scroll of amnesia {unknown}
 u - a scroll of butterflies {unknown}
Potions
 d - 2 potions of might
 k - a potion of invisibility {unknown}
 m - a potion of flight {unknown}
 n - a potion of curing
 o - a potion of berserk rage {unknown}
 t - a potion of degeneration {unknown}
 v - a potion of brilliance {unknown}


   Skills:
 + Level 4.3 Fighting
 + Level 3.2 Axes
 + Level 4.2 Armour
 + Level 5.2 Shields


You had 4 spell levels left.
You didn't know any spells.
Your spell library contained the following spells:

 Spells                   Type           Power      Damage    Failure   Level
 Magic Dart               Conj           0%         1d3       80%         1
 Searing Ray              Conj           0%         2d4       90%         2
 Sublimation of Blood     Necr           0%         N/A       90%         2
 Fulminant Prism          Conj/Hex       0%         3d5       100%        4
 Petrify                  Tmut/Erth      0%         N/A       100%        4
 Irradiate                Conj/Tmut      0%         3d11      100%        5


Dungeon Overview and Level Annotations

Branches:
Dungeon (3/15)

Altars:
Xom
Zin


Innate Abilities, Weirdness & Mutations

You cannot be hasted, slowed, berserked, paralysed or teleported.
You can dig through walls and to a lower floor.
You have a pair of large antennae on your head. (SInv)
Your four strong arms can wield two-handed weapons with a shield.


Message History

The orc wizard barely misses you. The orc hits you but does no damage.
You slash the orc wizard!
The orc wizard is almost dead.
You hit the orc but do no damage. The orc closely misses you.
The orc wizard points at you and mumbles some strange words.
You resist with some effort.
Unknown command.
Unknown command.
You barely miss the orc wizard.
The orc wizard is almost dead.
You slash the orc!
You kill the orc!
Unknown command.
Unknown command.
Unknown command.
You slash the endoplasm!
You kill the endoplasm!
You closely miss the orc wizard.
The orc wizard gestures at you while chanting.
You resist with some effort.
The orc priest looks braver for a moment.
The orc wizard hits you with a +0 dagger.
Unknown command.
You barely miss the orc priest. You miss the orc wizard.
The orc priest hits you with a +0 short sword.
The orc wizard casts a spell at you. The puff of flame hits you.
* * * LOW HITPOINT WARNING * * *
Unknown command.
Unknown command.
You hit the orc priest but do no damage.
You hit the orc wizard but do no damage.
The orc priest calls down the wrath of Beogh upon you.
Beogh smites you!
* * * LOW HITPOINT WARNING * * *
The orc wizard hits you but does no damage.
The orc priest hits you with a +0 short sword.
The orc wizard points at you and mumbles some strange words.
The puff of flame hits you.
You die...

.. . .. ........# ##.#.##l#
#.##.......# #.......
..........# #.##.#.#
#.......# #.##...###
!#####.......# #.#......##
.............#
..#.#..#.##.##########.######
#.#.#....##......# #.#
......†........o@# ###.####
....##.......[..o###......#
..#####.####.......#.#.##.#
..# #.# #...._.....#.##.# ###
#.# #..#####.....)#.#
#.###..#..)#...#.##.#
#.##...#...#........#
#......#...#..##.####
#####..#####.....#


You could see an orc priest and an orc wizard (invisible).

Vanquished Creatures
  Natasha (thrice) (D:2)
  3 adders (D:2)
  2 worms
  2 orcs (D:3)
  5 ball pythons
  3 endoplasms
  A giant cockroach (D:1)
  6 goblins
  3 hobgoblins
  6 jackals (D:3)
  4 kobolds
  2 quokkas
  3 bats
  4 frilled lizards
  4 rats
51 creatures vanquished.

Vanquished Creatures (others)
  An angel (D:3)
1 creature vanquished.

Grand Total: 52 creatures vanquished

Notes
Turn   | Place    | Note
-------+----------+-------------------------------------------
     0 | D:1      | Querens the Formicid Fighter began the quest for the Orb.
     0 | D:1      | Reached XP level 1. HP: 18/18 MP: 1/1
   111 | D:1      | Reached XP level 2. HP: 24/24 MP: 2/2
   467 | D:2      | Reached XP level 3. HP: 29/29 MP: 3/3
   659 | D:2      | Noticed Natasha
   665 | D:2      | Killed Natasha
   666 | D:2      | Reached XP level 4. HP: 31/37 MP: 4/4
   909 | D:2      | Noticed Natasha
   916 | D:2      | Killed Natasha
   917 | D:2      | Reached skill level 5 in Shields
   917 | D:2      | Reached XP level 5. HP: 35/42 MP: 5/5
  1001 | D:2      | Noticed Natasha
  1006 | D:2      | Killed Natasha
  1296 | D:3      | Killed an angel
  1360 | D:3      | Found a shimmering altar of Xom.
  1381 | D:3      | Found a glowing silver altar of Zin.
  1429 | D:3      | HP: 1/43 [orc priest/divine providence (12)]
  1429 | D:3      | Killed from afar by an orc wizard

Illustrated notes

Levels and vault maps discovered:
D:1:      minmay_arrival_split_and_join, layout_rooms, minmay_liquid_box
D:2:      layout_basic, uniq_natasha
D:3:      layout_loops_cross, grunt_temple_overflow_order_and_chaos_1,
          st_stairs_13, grunt_ministairs_9

Skill      XL: |  1  2  3  4  5 |
---------------+----------------+-----
Fighting       | 4 |  4.3
Armour         | 4 |  4.2
Shields        | 5 |  5.2
Axes           | 3 |  3.2

Action                     |  1- 3 |  4- 6 || total
---------------------------+-------+-------++-------
  Melee: War axe           |    69 |    80 ||   149
    Use: Potion            |       |     1 ||     1
 Armour: Scale mail        |    34 |    38 ||    72
  Dodge: Dodged            |    30 |    42 ||    72
  Block: Buckler           |    14 |    29 ||    43

Table legend: (Time is in decaauts)
 A = Elapsed time spent in this place.
 B = Non-inter-level travel time spent in this place.
 C = Inter-level travel time spent in this place.
 D = Time resting spent in this place.
 E = Time spent auto-exploring this place.
 F = Levels seen in this place.
 G = Mean time per level.
                   A        B        C        D        E       F      G
               +--------+--------+--------+--------+--------+-----+--------+
         Total |   1488 |   1353 |    135 |      0 |      0 |   3 |  496.0 |
       Dungeon |   1488 |   1353 |    135 |      0 |      0 |   3 |  496.0 |
               +--------+--------+--------+--------+--------+-----+--------+

Top non-repeatable levels by time:
     D:2: 620 daAuts
     D:3: 436 daAuts
     D:1: 432 daAuts
